 Dungeon Crawl Stone Soup version 0.21.1-1-g345015fe64 (webtiles) character file.

3175 Mrkan the Cleaver (level 9, -3/78 HPs)
             Began as a Minotaur Fighter on May 4, 2018.
             Was a Follower of Ashenzari.
             Slain by Kloppie's ghost (20 damage)
             ... on level 8 of the Dungeon.
             The game lasted 00:18:06 (7626 turns).

Mrkan the Cleaver (Minotaur Fighter)                Turns: 7626, Time: 00:18:07

Health: -3/78      AC: 12    Str: 23    XL:     9   Next: 63%
Magic:  8/8        EV:  8    Int:  5    God:    Ashenzari [*.....]
Gold:   408        SH: 11    Dex: 11    Spells: 8/8 levels left

rFire    + . .     SeeInvis .   a - +1 war axe
rCold    . . .     Gourm    .   c - +0 shield
rNeg     . . .     Faith    .   i - +0 chain mail
rPois    .         Spirit   .   (helmet restricted)
rElec    .         Reflect  .   (no cloak)
rCorr    .         Harm     .   y - +0 pair of gloves
MR       .....                  (no boots)
Stlth    ..........             (no amulet)
HPRegen  0.23/turn              h - ring of protection from fire
MPRegen  0.11/turn              n - +1 ring of evasion

@: no status effects
A: retaliatory headbutt, horns 2
a: Curse Item, Scrying, Renounce Religion


You were on level 8 of the Dungeon.
You worshipped Ashenzari.
Ashenzari was aware of your devotion.
You were not hungry.

You visited 2 branches of the dungeon, and saw 9 of its levels.

You collected 408 gold pieces.

Inventory:

Hand Weapons
 a - a +1 war axe (weapon)
 t - a +0 hand axe of chopping
Armour
 b - a +0 scale mail
 c - a +0 shield (worn)
 i - a +0 chain mail (worn)
 q - a +1 leather armour of positive energy
 v - the +1 leather armour of Ecygg {Dex+4}
   (You found it on level 5 of the Dungeon)

   It affects your dexterity (+4).
 y - a +0 pair of gloves (worn)
 B - a +0 shield
Jewellery
 h - a ring of protection from fire (left hand)
 n - a +1 ring of evasion (right hand)
Wands
 m - a wand of polymorph (10)
 u - a wand of acid (9)
Scrolls
 j - 2 scrolls of fear
 k - 3 scrolls of fog {unknown}
 o - 5 scrolls of identify
 r - a scroll of noise {unknown}
 s - a scroll of immolation
 w - a scroll of amnesia
 x - a scroll of magic mapping
 A - a scroll of enchant armour {unknown}
 D - a scroll of teleportation {unknown}
Potions
 e - a potion of curing
 g - 2 potions of heal wounds {unknown}
 l - a potion of brilliance
 p - 5 potions of mutation
 z - a potion of cancellation {unknown}
 C - a potion of lignification {unknown}
Books
 d - a book of Cantrips

   Spells                             Type                      Level
   a - Confusing Touch                Hexes                        1
   b - Animate Skeleton               Necromancy                   1
   c - Summon Small Mammal            Summoning                    1
   d - Apportation                    Translocation                1
Comestibles
 f - 12 rations


   Skills:
 + Level 6.8 Fighting
 + Level 10.9 Axes
 + Level 8.6 Armour
 - Level 1.5 Dodging
 + Level 0.6 Stealth
 + Level 7.9 Shields


You had 8 spell levels left.
You didn't know any spells.

Dungeon Overview and Level Annotations

Branches:
Dungeon (8/15)             Temple (1/1) D:6
   Lair: D:8-11

Altars:
Ashenzari
Cheibriados
Dithmenos
Elyvilon
Fedhas
Gozag
Hepliaklqana
Kikubaaqudgha
Makhleb
Nemelex Xobeh
Okawaru
Qazlal
Ru
Sif Muna
Trog
Uskayaw
Vehumet
Wu Jian
Xom
Zin
The Shining One

Shops:
D:4 :

Annotations:
D:8 Kloppie's ghost, novice TrFi


Innate Abilities, Weirdness & Mutations

You reflexively headbutt those who attack you in melee.
You have a pair of horns on your head.


Message History

You barely miss Kloppie's ghost.
Kloppie's ghost is moderately damaged.
You block Kloppie's ghost's attack.
You slash Kloppie's ghost! Your headbutt misses Kloppie's ghost.
Kloppie's ghost is heavily damaged.
Kloppie's ghost hits you but does no damage.
Kloppie's ghost hits you but does no damage.
You block Kloppie's ghost's attack. Kloppie's ghost hits you!!
* * * LOW HITPOINT WARNING * * *
You hit Kloppie's ghost.
Kloppie's ghost is heavily damaged.
You block Kloppie's ghost's attack.
You slash Kloppie's ghost!
Kloppie's ghost is heavily damaged.
You block Kloppie's ghost's attack.
You completely miss Kloppie's ghost.
Kloppie's ghost is heavily damaged.
Kloppie's ghost hits you!!
You die...

#######)# #...#
#.# #...# #.#
#...# ...#.#.#####
#...# #.........#
###.##.#...
#...#.#####.#
#(......... ## #.
####.###.####.#...
. #....Wa..# .. ##
#.##@##### ... #
#.# .# ..# . ....
####. .# .# ..


You could see a worker ant and Kloppie's ghost.

Vanquished Creatures
  Erica (D:8)
  The ghost of Mrkan the Covered, an amateur MiFi of Wu Jian (D:7)
  Menkaure (D:5)
  Edmund (D:5)
  A sky beast (D:7)
  An ice beast (D:7)
  The ghost of Mrkan the Skirmisher, an amateur MiMo of Yredelemnul (D:3)
  3 ogres
  2 centaurs
  Blork the orc (D:5)
  A bullfrog (D:7)
  A water moccasin skeleton (D:5)
  2 scorpions (D:7)
  2 crimson imps
  A bullfrog zombie (D:5)
  A centaur zombie (D:7)
  A hound (D:5)
  A jelly (D:7)
  A centaur skeleton (D:5)
  5 orc priests
  3 bullfrog skeletons
  3 iguanas
  6 orc wizards
  7 worker ants
  A hound skeleton (D:7)
  8 adders
  6 gnolls
  2 oozes
  An adder skeleton (D:7)
  4 worms
  2 leopard geckos (D:1)
  25 orcs
  3 ball pythons
  6 giant cockroaches
  6 goblins
  5 hobgoblins (D:1)
  5 quokkas
  A ball python skeleton (D:4)
  3 bats
  2 frilled lizards
  A jackal skeleton (D:4)
  5 kobolds
  5 rats
  A fungus (D:7)
  2 plants (Temple)
142 creatures vanquished.

Notes
Turn   | Place    | Note
-------+----------+-------------------------------------------
     0 | D:1      | Mrkan the Minotaur Fighter began the quest for the Orb.
     0 | D:1      | Reached XP level 1. HP: 19/19 MP: 0/0
   213 | D:1      | Reached XP level 2. HP: 25/27 MP: 1/1
   680 | D:2      | Reached skill level 3 in Axes
   680 | D:2      | Reached XP level 3. HP: 33/33 MP: 2/2
  1186 | D:2      | Reached XP level 4. HP: 29/41 MP: 3/3
  1472 | D:2      | Found a shimmering altar of Xom.
  1474 | D:2      | Found a hazy altar of Hepliaklqana.
  1474 | D:2      | Noticed a yak
  1475 | D:2      | Noticed a yak
  1475 | D:2      | Noticed a spectral ugly thing
  1566 | D:3      | Found a hide-covered altar of Uskayaw.
  1793 | D:3      | Reached skill level 4 in Axes
  1793 | D:3      | Reached XP level 5. HP: 31/47 MP: 4/4
  2064 | D:3      | Noticed Mrkan's ghost (amateur MiMo)
  2084 | D:3      | Killed Mrkan's ghost
  2084 | D:3      | Reached skill level 5 in Shields
  2554 | D:4      | Reached XP level 6. HP: 55/55 MP: 5/5
  2762 | D:4      | Found Qihaga's Book Shoppe.
  2776 | D:4      | Reached skill level 5 in Axes
  2778 | D:4      | Reached skill level 5 in Fighting
  3017 | D:4      | Reached skill level 5 in Armour
  3248 | D:5      | Entered Level 5 of the Dungeon
  3340 | D:5      | Noticed Menkaure
  3351 | D:5      | Killed Menkaure
  3351 | D:5      | Reached XP level 7. HP: 10/61 MP: 6/6
  3660 | D:5      | Found a sparkling altar of Nemelex Xobeh.
  3703 | D:5      | Noticed Edmund
  3729 | D:5      | Killed Edmund
  3729 | D:5      | Reached skill level 6 in Axes
  3804 | D:5      | Found a snail-covered altar of Cheibriados.
  3921 | D:5      | Noticed Blork the orc
  3931 | D:5      | Killed Blork the orc
  4198 | D:5      | Reached skill level 1 in Dodging
  4273 | D:5      | Reached XP level 8. HP: 68/68 MP: 7/7
  4280 | D:5      | Reached skill level 7 in Axes
  4315 | D:5      | Got a pearl-encrusted leather armour
  4518 | D:5      | Found a burning altar of Makhleb.
  4632 | D:5      | Found a white marble altar of Elyvilon.
  4632 | D:5      | Found a stormy altar of Qazlal.
  4859 | D:6      | Reached skill level 8 in Axes
  5496 | D:6      | Found a radiant altar of Vehumet.
  5606 | D:6      | Found a staircase to the Ecumenical Temple.
  5616 | Temple   | Entered the Ecumenical Temple
  5862 | Temple   | Became a worshipper of Ashenzari the Shackled
  6174 | D:7      | Found a glowing silver altar of Zin.
  6360 | D:7      | Reached skill level 9 in Axes
  6540 | D:7      | Reached XP level 9. HP: 72/75 MP: 8/8
  6561 | D:7      | Reached * piety under Ashenzari
  6563 | D:7      | Found a blossoming altar of Fedhas.
  6613 | D:7      | Found a burning altar of Makhleb.
  6807 | D:7      | Noticed Mrkan's ghost (amateur MiFi)
  6824 | D:7      | Killed Mrkan's ghost
  6950 | D:7      | Reached skill level 10 in Axes
  7553 | D:8      | Noticed Erica
  7581 | D:8      | Killed Erica
  7598 | D:8      | Noticed Kloppie's ghost (novice TrFi)
  7626 | D:8      | Slain by Kloppie's ghost

Skill      XL: |  1  2  3  4  5  6  7  8  9 |
---------------+----------------------------+-----
Fighting       | 4 5 6 |  6.8
Armour         | 4 5 6 7 8 |  8.6
Axes           | 3 4 5 6 9 10 | 10.9
Shields        | 4 5 6 7 |  7.9
Dodging        | 1 |  1.5
Stealth        | |  0.6

Action                   |  1- 3 |  4- 6 |  7- 9 || total
-------------------------+-------+-------+-------++-------
Melee: War axe           |    80 |   107 |   287 ||   474
       Headbutt          |     9 |    20 |    68 ||    97
  Use: Potion            |       |     4 |     1 ||     5
       Scroll            |       |     2 |     5 ||     7
  Eat: Chunk             |     1 |     7 |     4 ||    12
       Ration            |       |       |     3 ||     3
Armor: Scale mail        |    10 |       |       ||    10
       Chain mail        |    31 |    37 |    94 ||   162
Dodge: Dodged            |    17 |    26 |    49 ||    92
Block: Shield            |    43 |    60 |   124 ||   227
